 Dungeon Crawl Stone Soup version 0.26-a0-649-gf8c6c3aab7 (webtiles) character file.

Game seed: 8857173759791981097

72 pkoi the Ruffian (level 4, 0/39 HPs)
             Began as a Minotaur Monk on Sept 27, 2020.
             Succumbed to Terence's poison
             ... on level 2 of the Dungeon.
             The game lasted 00:01:30 (836 turns).

pkoi the Ruffian (Minotaur Monk)                     Turns: 836, Time: 00:01:31

Health: 0/39       AC:  3    Str: 17    XL:     4   Next: 6%
Magic:  3/3        EV: 14    Int:  7    God:
Gold:   40         SH:  0    Dex: 18    Spells: 3/3 levels left

rFire    . . .     SeeInvis .     - Unarmed
rCold    . . .     Faith    .   (no shield)
rNeg     . . .     Spirit   .   a - +0 robe
rPois    .         Reflect  .   (helmet restricted)
rElec    .         Harm     .   d - +0 cloak
rCorr    .         Rampage  .   (no gloves)
MR       .....                  (no boots)
Stlth    ++........             (no amulet)
HPRegen  0.13/turn              c - +6 ring of dexterity
MPRegen  0.08/turn              (no ring)

@: lethally poisoned (0 -> -10), stab
A: retaliatory headbutt, horns 2
a: no special abilities


You were on level 2 of the Dungeon.
You visited 1 branch of the dungeon, and saw 2 of its levels.

You collected 40 gold pieces.

Inventory:

Hand Weapons
 e - a +2 mace of venom
Armour
 a - a +0 robe (worn)
 d - a +0 cloak (worn)
Jewellery
 c - a +6 ring of dexterity (left hand)
Scrolls
 b - a scroll of magic mapping
 f - 2 scrolls of blinking


   Skills:
 - Level 3.6 Fighting
 - Level 3.2 Dodging
 - Level 1.5 Stealth
 + Level 5.4 Unarmed Combat


You had 3 spell levels left.
You didn't know any spells.
Your spell library was empty.

Dungeon Overview and Level Annotations

Branches:
Dungeon (2/15)

Altars:


Innate Abilities, Weirdness & Mutations

You reflexively headbutt those who attack you in melee.
You have a pair of horns on your head.


Message History

* * * LOW HITPOINT WARNING * * *
You feel sick.
Things that are here:
a +2 mace of venom; a cursed +0 scale mail You aren't carrying any potions.
Okay, then.
e - a +2 mace of venom
* * * LOW HITPOINT WARNING * * *
You feel sick.
* * * LOW HITPOINT WARNING * * *
You feel sick.
* * * LOW HITPOINT WARNING * * *
You feel sick.
* * * LOW HITPOINT WARNING * * *
You feel sick.
A frilled lizard comes into view.
* * * LOW HITPOINT WARNING * * *
You feel sick.
The frilled lizard hisses angrily.
You die...

..# ..# ..## ...#
###.#.# #...#.#
##[###.# .
######..###.##....
#.........@....l.#
#...<......##....#
#.........## #..
#.........#
#.........#
###########


You could see a frilled lizard.

Vanquished Creatures
  Terence (D:2)
  2 oozes (D:1)
  2 dart slugs (D:1)
  A leopard gecko (D:1)
  A giant cockroach (D:1)
  6 goblins (D:1)
  4 hobgoblins (D:1)
  4 kobolds (D:1)
  A ball python (D:1)
  5 bats
  A frilled lizard (D:1)
  2 rats (D:1)
30 creatures vanquished.

Notes
Turn   | Place    | Note
-------+----------+-------------------------------------------
     0 | D:1      | pkoi the Minotaur Monk began the quest for the Orb.
     0 | D:1      | Reached XP level 1. HP: 19/19 MP: 0/0
   129 | D:1      | Reached skill level 4 in Unarmed Combat
   129 | D:1      | Reached XP level 2. HP: 26/26 MP: 1/1
   358 | D:1      | Reached XP level 3. HP: 28/31 MP: 2/2
   727 | D:1      | Reached skill level 5 in Unarmed Combat
   804 | D:2      | Noticed Terence
   829 | D:2      | Killed Terence
   829 | D:2      | Reached XP level 4. HP: 8/39 MP: 3/3
   834 | D:2      | HP: 1/39 [poisoned by Terence]
   836 | D:2      | Succumbed to Terence's poison

Illustrated notes

Levels and vault maps discovered:
D:1:      dpeg_arrival_connections, layout_basic
D:2:      layout_rooms, tgw_xom, uniq_terence

Skill      XL: |  1  2  3 |
---------------+----------+-----
Unarmed Combat | 4 5 |  5.4
Fighting       | |  3.6
Dodging        | |  3.2
Stealth        | |  1.5

Action                   |  1- 3 |  4- 6 || total
-------------------------+-------+-------++-------
Melee: Unarmed           |    67 |       ||    67
       Headbutt          |    15 |       ||    15
  Use: Scroll            |     3 |       ||     3
       Potion            |     2 |       ||     2
 Stab: Sleeping          |     6 |       ||     6
Armor: Robe              |     6 |       ||     6
Dodge: Dodged            |    40 |       ||    40

Table legend: (Time is in decaauts)
 A = Elapsed time spent in this place.
 B = Non-inter-level travel time spent in this place.
 C = Inter-level travel time spent in this place.
 D = Time resting spent in this place.
 E = Time spent auto-exploring this place.
 F = Levels seen in this place.
 G = Mean time per level.
                   A        B        C        D        E       F      G
               +--------+--------+--------+--------+--------+-----+--------+
         Total |    829 |    760 |     69 |      0 |    552 |   2 |  414.5 |
       Dungeon |    829 |    760 |     69 |      0 |    552 |   2 |  414.5 |
               +--------+--------+--------+--------+--------+-----+--------+

Top non-repeatable levels by time:
     D:1: 799 daAuts
     D:2: 30 daAuts
